[Event "Team 45 45 League T64"]
[Site "Internet Chess Club"]
[Date "2015.04.10"]
[Round "6"]
[White "victoriosan"]
[Black "tightfist"]
[Result "0-1"]
[WhiteElo "1452"]
[BlackElo "1627"]
[Opening "KP: Nimzovich defense"]
[ECO "B00"]
[Time "18:15:37"]
[TimeControl "2700+45"]

1. e4 Nc6 2. d4 d5 3. e5 Bf5 4. c3 f6 5. f4 e6 6. Nf3 Nh6 7. Bd3 Be7 8. O-O Bxd3
9. Qxd3 O-O 10. Nbd2 Qe8 11. c4 fxe5 12. cxd5 Nb4 13. Qe2 Nxd5 14. fxe5 Nf5 15.
Ne4 Rc8 16. Bd2 Qa4 17. Nc5 Bxc5 18. dxc5 Nd4 19. Qd1 Nxf3+ 20. Rxf3 Qd4+ 21.
Kh1 Rxf3 22. gxf3 Qxe5 23. Qb3 b6 24. Re1 Qf6 25. c6 Rf8 26. f4 Kh8 27. Qc4 Qxb2
28. Bc1 Qf2 29. Qe4 Nxf4 30. Bxf4 Rxf4 31. Qe2 Qxe2 32. Rxe2 Rf6 33. Kg2 g5 34.
Kg3 h5 35. h4 g4 36. Re5 Rh6 37. Kf4 Kg7 38. Rg5+ Kf7 39. Ke5 a5 40. a4 Rg6 41.
Rxh5 g3 42. Rh7+ Rg7 43. Rxg7+ Kxg7 44. Kxe6 g2 45. Kd7 g1=Q 46. Kxc7 Qc5 47.
Kb7 b5 48. axb5 Qxb5+ 49. Kc7 a4 50. Kd6 Qb6 51. Kd7 a3 52. c7 Qxc7+ {White
resigns} 0-1

[Event "Team 45 45 League T64"]
[Site "Internet Chess Club"]
[Date "2015.04.10"]
[Round "6"]
[White "LittleButton"]
[Black "jjmolina"]
[Result "1/2-1/2"]
[WhiteElo "1832"]
[BlackElo "1762"]
[Opening "QGD Slav: exchange variation"]
[ECO "D13"]
[Time "12:00:15"]
[TimeControl "2700+45"]

1. d4 d5 2. Nf3 Nf6 3. c4 c6 4. cxd5 cxd5 5. Nc3 e6 6. Bf4 Bd6 7. e3 Nc6 8. Bd3
a6 9. O-O O-O 10. Rc1 Bxf4 11. exf4 Bd7 12. Bb1 Rc8 13. Re1 b5 14. Ne5 Qe7 15.
f5 Qd6 16. fxe6 Bxe6 17. a3 Rfe8 18. f4 Rc7 19. Qd3 g6 20. h3 Bf5 21. Qe3 Bxb1
22. Nxb1 Rec8 23. Nd2 Ne7 24. Rxc7 Rxc7 25. g4 Rc2 26. b4 Qc7 27. Nef3 Nc6 28.
Ne5 Ne7 29. Nef3 Nc6 30. Ne5 Ne7 31. Nef3 Nc6 32. Ne5 {Game drawn by repetition}
1/2-1/2

[Event "Team 45 45 League T64"]
[Site "Internet Chess Club"]
[Date "2015.04.12"]
[Round "6"]
[White "TillyChess"]
[Black "chess09"]
[Result "1-0"]
[WhiteElo "2108"]
[BlackElo "1862"]
[Opening "Richter-Veresov attack"]
[ECO "D01"]
[Time "15:01:35"]
[TimeControl "2700+45"]

1. d4 d5 2. Nc3 Nf6 3. Bg5 Bf5 4. e3 e6 5. g4 Bg6 6. Nge2 Be7 7. Nf4 Nbd7 8. h4
h6 9. Nxg6 fxg6 10. Bf4 O-O 11. g5 Nh5 12. Bh2 hxg5 13. hxg5 Bxg5 14. Qg4 Qf6
15. O-O-O Rae8 16. f4 Bh6 17. Bd3 Qe7 18. Qxg6 Ndf6 19. Bg3 Qf7 20. Bh4 Qxg6 21.
Bxg6 Rc8 22. Rdg1 c5 23. Bxh5 Nxh5 24. Be7 Rf7 25. Rxh5 Rxe7 26. Rxh6 cxd4 27.
exd4 Rc4 28. Ne2 b5 29. Rh3 Rec7 30. c3 b4 31. Kd2 a5 32. Rc1 bxc3+ 33. Rcxc3
Rxc3 34. Rxc3 Rb7 35. b3 Kf7 36. Rc6 Ra7 37. a3 Ke7 38. Nc3 Kd7 39. Rc5 Ra6 40.
a4 Ke7 41. Nb5 Kf6 42. Ke3 Kf5 43. Rc7 g5 44. fxg5 Kxg5 45. Re7 Kf6 46. Re8 Kf7
47. Rc8 Kf6 48. Kf4 {Black resigns} 1-0

[Event "Team 45 45 League T64"]
[Site "Internet Chess Club"]
[Date "2015.04.14"]
[Round "6"]
[White "LazyPeon"]
[Black "elmaestro"]
[Result "0-1"]
[WhiteElo "1797"]
[BlackElo "1783"]
[Opening "Budapest: Adler variation"]
[ECO "A52"]
[Time "17:07:31"]
[TimeControl "2700+45"]

1. d4 Nf6 2. c4 e5 3. dxe5 Ng4 4. Nf3 Bc5 5. e3 Nc6 6. Nc3 Ngxe5 7. Nxe5 Nxe5 8.
Be2 d6 9. O-O O-O 10. b3 a6 11. Bb2 Bf5 12. Qd2 Re8 13. Rad1 Bg4 14. Nd5 Bxe2
15. Qxe2 c6 16. Nf4 Qg5 17. Nh5 Ng4 18. Nxg7 Nxe3 19. Qh5 Qxg2# {White
checkmated} 0-1

[Event "Team 45 45 League T64"]
[Site "Internet Chess Club"]
[Date "2015.04.13"]
[Round "6"]
[White "Bleddyn"]
[Black "Zugzwanged"]
[Result "0-1"]
[WhiteElo "1679"]
[BlackElo "1653"]
[Opening "Trompowsky attack (Ruth, Opocenský opening)"]
[ECO "A45"]
[Time "14:04:23"]
[TimeControl "2700+45"]

1. d4 Nf6 2. Bg5 e6 3. e4 h6 4. Bxf6 Qxf6 5. c3 d6 6. Bd3 e5 7. Ne2 g6 8. O-O
Bg7 9. f4 exf4 10. Rxf4 Qe7 11. Bc4 O-O 12. Nd2 Nd7 13. Qb3 Nf6 14. Raf1 b6 15.
Bd3 Be6 16. d5 Bd7 17. Nd4 Ng4 18. Nc6 Bxc6 19. dxc6 Ne5 20. Ba6 Nxc6 21. Bb7
Na5 22. Qd5 Nxb7 23. Qxb7 Be5 24. R4f3 Qd8 25. Nc4 Qc8 26. Qd5 Qe6 27. Qc6 Rac8
28. a3 Qe8 29. Qd5 Qe6 30. Qc6 Qe8 31. Qd5 Qe7 32. Ne3 Qe6 33. Qb7 a5 34. Nd5 h5
35. Nxc7 Qd7 36. Qxb6 Qxc7 37. Qe3 Qc5 38. Qxc5 Rxc5 39. Rd1 Rb5 40. b4 axb4 41.
cxb4 Rc8 42. Rb3 Rc4 43. Rd5 Rb8 44. b5 Rxe4 45. b6 Bd4+ 46. Kf1 Rxb6 47. Rxb6
Bxb6 48. Rxd6 Bc7 49. Rd3 Kf8 50. g3 Ke7 51. Kf2 f5 52. Kf3 Ke6 53. Rc3 Bd6 54.
Rc8 Ra4 55. Rg8 Kf7 56. Rd8 Rxa3+ 57. Kg2 Be5 58. Rd7+ Kf6 59. Rb7 Kg5 60. h4+
Kf6 61. Rb6+ Kf7 62. Rb7+ Kf6 63. Rb6+ Kg7 64. Rb7+ Kh6 {White resigns} 0-1

[Event "Team 45 45 League T64"]
[Site "Internet Chess Club"]
[Date "2015.04.11"]
[Round "6"]
[White "room-matt"]
[Black "anna"]
[Result "0-1"]
[WhiteElo "1885"]
[BlackElo "1804"]
[Opening "Bishop's opening: Berlin defense"]
[ECO "C24"]
[Time "10:11:40"]
[TimeControl "2700+45"]

1. e4 e5 2. Bc4 Nf6 3. d3 Bc5 4. Nc3 Nc6 5. f4 exf4 6. Bxf4 O-O 7. Nf3 h6 8. Qe2
a6 9. O-O-O b5 10. Bb3 d6 11. d4 Bb6 12. h3 Qe7 13. Nd5 Nxd5 14. Bxd5 Bb7 15.
Rhe1 Na5 16. Bxb7 Nxb7 17. Nh2 Qe6 18. d5 Qf6 19. Rf1 Qg6 20. Nf3 Rfe8 21. Rde1
Nc5 22. e5 Ba5 23. Bd2 Bxd2+ 24. Qxd2 Re7 25. b4 Ne4 26. Qd3 Ng3 27. Qxg6 fxg6
28. exd6 Rxe1+ 29. Rxe1 cxd6 30. Re6 Rd8 31. Rxg6 Ne2+ 32. Kd2 Nf4 33. Rg4 Nxd5
34. Nd4 Rd7 35. Nf5 Kf8 36. a3 Nb6 37. Kd3 Nc4 38. Rd4 Kf7 39. g4 Ke6 40. Re4+
Kf7 41. Rf4 Kg6 42. Nd4 Re7 43. Nf5 Rd7 44. Nd4 Re7 45. Nf5 Re1 46. Rd4 Kf6 47.
Re4 Ra1 48. Re8 Rxa3+ 49. c3 Ra2 50. Rd8 Rh2 51. h4 Rg2 52. Rf8+ Ke5 53. Re8+
Kd5 54. Ne7+ Ke6 55. Nf5+ Kf6 56. Rf8+ Kg6 57. Ke4 Rxg4+ 58. Kd5 Rg2 59. Kc6 Rc2
60. Kb7 Rxc3 61. Kxa6 Na3 62. Nd4 Rc4 63. Nxb5 Nc2 64. Kb6 Nxb4 65. Nxd6 Rc6+
66. Kb5 Rxd6 67. Kxb4 Rd4+ 68. Kc5 Rxh4 69. Kd6 Kg5 70. Ke5 g6 71. Rf1 h5 72.
Rf2 Rg4 73. Ke6 h4 74. Rh2 Rg3 75. Kf7 h3 76. Rh1 Kh4 77. Kf6 Rg2 {White
resigns} 0-1

[Event "Team 45 45 League T64"]
[Site "Internet Chess Club"]
[Date "2015.04.16"]
[Round "6"]
[White "JasonModer"]
[Black "Goli"]
[Result "1-0"]
[WhiteElo "1830"]
[BlackElo "1761"]
[Opening "King's Indian: 4.e4"]
[ECO "E70"]
[Time "16:47:31"]
[TimeControl "2700+45"]

1. d4 Nf6 2. c4 g6 3. Nc3 Bg7 4. e4 d6 5. Bd3 O-O 6. Nge2 e5 7. d5 c6 8. O-O
cxd5 9. cxd5 Nbd7 10. h3 Nc5 11. Bc2 a5 12. Be3 b6 13. a3 Ba6 14. b4 Bxe2 15.
Qxe2 Nb7 16. Na4 Nd7 17. Qb5 axb4 18. axb4 Qc7 19. Rac1 Rfc8 20. Bb3 Qd8 21. Rc6
f5 22. f3 fxe4 23. fxe4 Qh4 24. Rxc8+ Rxc8 25. Qxd7 Rf8 26. Qe6+ Kh8 27. Rxf8+
Bxf8 28. Qf7 Be7 29. Bf2 Nd8 30. Qe8+ {Black resigns} 1-0

[Event "Team 45 45 League T64"]
[Site "Internet Chess Club"]
[Date "2015.04.12"]
[Round "6"]
[White "zap2"]
[Black "ausya"]
[Result "1-0"]
[WhiteElo "1782"]
[BlackElo "1721"]
[Opening "Benko's opening"]
[ECO "A00"]
[Time "11:02:57"]
[TimeControl "2700+45"]

1. g3 d5 2. Bg2 Nf6 3. Nf3 Nc6 4. O-O e5 5. d3 Bd6 6. Nbd2 O-O 7. e4 Be6 8. h3
h6 9. c3 Qd7 10. Kh2 Rad8 11. Qe2 Rfe8 12. Re1 Bc5 13. Nxe5 Nxe5 14. d4 Bd6 15.
dxe5 Bxe5 16. f4 Bd6 17. e5 Bf5 18. Qf1 Qe6 19. Nf3 Ne4 20. exd6 Qxd6 21. Nh4
Bh7 22. Be3 Nxg3 23. Kxg3 g5 24. Kh2 gxh4 25. Qf3 f5 26. Bd4 Re4 27. Be5 Qb6 28.
Qh5 Qf2 29. Qf3 Qxb2 30. Kh1 Qd2 31. Rg1 Re3 32. Bf1+ Kf8 33. Qh5 Qc2 34. Qxh6+
Ke8 35. Qe6+ Kf8 36. Bg7# {Black checkmated} 1-0

[Event "Team 45 45 League T64"]
[Site "Internet Chess Club"]
[Date "2015.04.13"]
[Round "6"]
[White "EFXBT"]
[Black "Duguesclin"]
[Result "0-1"]
[WhiteElo "1496"]
[BlackElo "1662"]
[Opening "Nimzo-Indian: Leningrad variation"]
[ECO "E30"]
[Time "16:05:03"]
[TimeControl "2700+45"]

1. d4 Nf6 2. c4 e6 3. Nc3 Bb4 4. Bg5 d5 5. e3 O-O 6. Nf3 Nbd7 7. a3 Bxc3+ 8.
bxc3 c5 9. cxd5 exd5 10. c4 Qa5+ 11. Qd2 Qxd2+ 12. Kxd2 Ne4+ 13. Kc2 Nxf2 14.
Rg1 dxc4 15. Bxc4 cxd4 16. Nxd4 Nb6 17. Bb3 Ne4 18. Bh4 Bd7 19. Rgf1 Rac8+ 20.
Kd3 Nc5+ 21. Kd2 Nxb3+ 22. Nxb3 f6 23. Rfc1 Nc4+ 24. Ke2 Rfe8 25. Rc3 Bg4+ 26.
Kf2 Nd2 27. Rxc8 Ne4+ 28. Ke1 Rxc8 29. h3 Be6 30. Nd2 Nc5 31. Ke2 Nb3 32. Nxb3
Bxb3 33. Rb1 Bd5 34. g4 b6 35. Rb2 Bg2 36. Kf2 Bxh3 37. Kg3 Bf1 38. Rd2 g5 39.
Kf2 Bb5 40. Bg3 Rc3 41. Ra2 Ba4 42. Bd6 Bd1 43. Bb4 Rc4 44. Rd2 Bxg4 45. Rd6 Kf7
46. Rd7+ Bxd7 {White resigns} 0-1